 Dungeon Crawl Stone Soup version 0.31-a0-210-gccc998df9b (webtiles) character file.

Game seed: 17651772735521851053

95217 qw the Severer (level 16, -3/104 HPs)
             Began as a Gargoyle Fighter on June 29, 2023.
             Was an Elder of Okawaru.
             Slain by an ettin
             ... wielding a +0 dire flail
              (10 damage)
             ... while paralysed by Maurice
             ... on level 2 of the Orcish Mines.
             The game lasted 00:12:18 (18785 turns).

qw the Severer (Gargoyle Fighter)                  Turns: 18785, Time: 00:12:18

Health: -3/104     AC: 49    Str: 29    XL:     16   Next: 13%
Magic:  21/23      EV:  2    Int:  8    God:    Okawaru [****..]
Gold:   1929       SH:  0    Dex:  9    Spells: 15/15 levels left

rFire   . . .        i - +0 broad axe (vamp)
rCold   . . .        n - +2 buckler
rNeg    + . .        j - +0 plate armour
rPois   inf          a - +2 helmet {SInv}
rElec   +            (no cloak)
rCorr   .            z - +2 pair of gloves
SInv    +            (no boots)
Will    +....        h - amulet of reflection Stlth
                     s - ring of the Tortoise {AC+8}
HPRegen 0.37/turn    t - +4 ring of protection
MPRegen 0.18/turn

%: reflection
@: paralysed, heroic, finesse-ful, flying
A: sickness immunity, AC +12, big wings, negative energy resistance 1,
electricity resistance, torment resistance 1, petrification resistance
a: Renounce Religion, Heroism, Finesse


You were on level 2 of the Orcish Mines.
You worshipped Okawaru.
Okawaru was greatly pleased with you.
You visited 4 branches of the dungeon, and saw 23 of its levels.

You collected 2098 gold pieces.
You spent 169 gold pieces at shops.


Innate Abilities, Weirdness & Mutations

You are immune to sickness and miasma.
Your stone body is resilient. (AC +12)
You are immune to poison.
Your large and strong wings let you fly.
You resist negative energy. (rN+)
You are resistant to electric shocks. (rElec)
You are resistant to unholy torment.
You are immune to petrification.


   Skills:
 - Level 13.0(18.0) Fighting
 - Level 18.1(23.1) Axes
 - Level 6.0(11.0) Throwing
 - Level 12.0(17.0) Armour
 - Level 3.2(8.2) Dodging
 + Level 8.2(13.2) Shields
 - Level 10.0 Invocations


You had 15 spell levels left.
You didn't know any spells.
Your spell library was empty.

Inventory:

Hand Weapons
 i - a +0 vampiric broad axe (weapon)
 m - a +0 war axe of flaming
 r - the +5 broad axe of Understanding {speed, MP+9}
   (You took it off an orc priest on level 7 of the Dungeon)

   MP:        It affects your magic capacity (+9).
Missiles
 g - 10 boomerangs (quivered)
Armour
 a - a +2 helmet of see invisible (worn)
 b - +0 acid dragon scales
 j - a +0 plate armour (worn)
 n - a +2 buckler (worn)
 z - a +2 pair of gloves (worn)
Jewellery
 h - an amulet of reflection (around neck)
 s - the ring of the Tortoise (left hand) {AC+8}
   (You found it on level 10 of the Dungeon)

   [ring of protection]

   AC:        It affects your AC (+8).
 t - a +4 ring of protection (right hand)
 Y - a ring of protection from cold
Scrolls
 q - 7 scrolls of identify
 u - a scroll of brand weapon
 A - 3 scrolls of teleportation
Potions
 c - 5 potions of lignification
 d - a potion of might
 e - a potion of haste
 f - a potion of resistance
 k - a potion of magic
 l - 7 potions of heal wounds
 o - a potion of enlightenment
 p - a potion of attraction
 v - a potion of mutation
 w - a potion of cancellation

Dungeon Overview and Level Annotations

Branches:
Dungeon (15/15)            Temple (1/1) D:5            Lair (5/5) D:9
 Shoals (0/4) Lair:2        Snake (0/4) Lair:2        Slime (0/5) Lair:4
    Orc (2/2) D:11         Vaults (0/5) D:13         Depths (0/4) D:15
    Elf: Orc:2

Altars:
Ashenzari
Cheibriados
Dithmenos
Elyvilon
Fedhas
Gozag
Hepliaklqana
Kikubaaqudgha
Makhleb
Nemelex Xobeh
Okawaru
Qazlal
Ru
Sif Muna
Trog
Uskayaw
Vehumet
Wu Jian
Xom
Yredelemnul
Zin
The Shining One
Jiyva

Shops:
D:2 *   D:15 ?   Orc:2 [(*

Annotations:
Orc:2 Maurice


Message History

The orc knight is severely wounded.
You slash the ogre!
You feel better.
You slash the orc wizard! You slice the orc!!
You feel better.
You kill the orc!
You hit the orc.
You feel like a meek peon again.
You hear a shout!
18781 ||| INVOKING Heroism.
You gain the combat prowess of a mighty hero.
Maurice zaps a wand.
You suddenly lose the ability to move!
The ogre hits you with a +0 giant club. The orc completely misses you.
The orc wizard hits you but does no damage.
The orc knight hits you but does no damage.
A cyclops comes into view.
Maurice hits you but does no damage. The orc hits you but does no damage.
The orc knight hits you but does no damage.
The orc wizard hits you but does no damage.
The ettin hits you but does no damage.
The ettin hits you with a +0 great mace!!
The orc wizard no longer looks unusually strong.
The ogre hits you with a +0 giant club! Maurice hits you but does no damage.
The orc knight roars a battlecry!
The orcs go into a battle-frenzy!
The orc hits you but does no damage.
The orc wizard hits you with a +0 dagger.
The ettin hits you with a +0 dire flail!
The ettin hits you but does no damage. Maurice hits you but does no damage.
The ogre hits you but does no damage. The orc hits you but does no damage.
The orc wizard casts a spell.
The orc wizard flickers and vanishes for a moment.
The orc knight hits you but does no damage.
The ettin hits you with a +0 dire flail!
The ettin hits you with a +0 great mace!!
Maurice completely misses you. The orc hits you but does no damage.
The orc knight hits you with a +0 halberd!
The orc wizard hits you but does no damage.
The ettin completely misses you.
The ettin hits you with a +0 great mace!
You die...

........ ### ...#.... .
###.# ......)) ..
##....## ##.....o@)
...##....#.###........))
.....#...<.........).)..
.#.....o.............(..
......oO@...............
#...OC@..........\.....
..C...ooo...............
....##....#...^.8.......
......#........P....P...
. ....................^.
..#.....#..............
. ...#..##.............
.#..............#.....
.............


You could see an orc knight, an ettin, Maurice (swift, invisible), a cyclops, 2
ogres, an orc wizard (strong, invisible) and 3 orcs.

Vanquished Creatures
  Saint Roka (Orc:2)
  Rupert (D:13)
  A fire giant (D:14)
  Nessos (D:13)
  2 stone giants
  A quicksilver dragon zombie (D:15)
  2 ettins (Orc:2)
  A fire dragon (D:15)
  3 catoblepae (Lair:5)
  6 hydras
  7 centaur warriors
  3 boulder beetles
  An anaconda (shapeshifter) (D:15)
  3 two-headed ogres
  A death knight (D:14)
  11 death yaks
  2 tengu warriors (D:14)
  A vampire mage (D:15)
  A skeletal warrior (D:15)
  2 skysharks
  A shadow dragon zombie (D:15)
  A swamp dragon (shapeshifter) (D:14)
  A deep elf zephyrmancer (D:14)
  A necromancer (D:15)
  Pikel (D:5)
  A deep elf archer (D:12)
  20 ugly things
  A deep elf pyromancer (D:12)
  3 orc knights
  An orc sorcerer (Orc:2)
  A salamander (shapeshifter) (D:13)
  9 cyclopes
  7 manticores
  3 black mambas
  6 elephants
  A fire giant skeleton (D:15)
  11 cane toads
  A gargoyle (D:7)
  Maggie (D:7)
  4 kobold demonologists
  A yaktaur (D:14)
  3 rime drakes (Lair:2)
  2 freezing wraiths (D:14)
  2 unseen horrors
  2 efreet
  3 komodo dragons
  A guardian mummy (D:15)
  3 meliai (D:14)
  3 polar bears
  2 trolls
  10 blink frogs
  A hornet (D:9)
  A dream sheep (Lair:3)
  2 shadows
  A centaur simulacrum (D:15)
  8 slime creatures
  5 wraiths
  A vampire (D:13)
  57 yaks
  9 wyverns
  16 humans (D:13)
  3 basilisks
  7 vampire mosquitoes
  3 steam dragons
  2 wargs
  3 acid dragons
  2 nagas (Lair:2)
  A glowing shapeshifter skeleton (D:15)
  3 black bears (Lair:1)
  12 water moccasins
  23 orc warriors
  2 ice beasts
  3 sky beasts
  8 ogres
  13 wolves
  A boggart (D:14)
  10 centaurs
  A phantom (D:5)
  4 lemures (D:5)
  8 kobold brigands
  11 bullfrogs
  A gnoll sergeant (D:9)
  A cane toad simulacrum (Lair:4)
  11 wights
  22 killer bees
  3 howler monkeys
  2 hounds
  3 jellies
  2 gnoll boudas
  11 orc priests
  A sleepcap (D:8)
  Terence (D:3)
  2 iguanas (D:7)
  13 orc wizards
  Natasha (thrice) (D:2)
  A wolf simulacrum (Lair:4)
  A polar bear simulacrum (Lair:4)
  Robin (D:2)
  9 gnolls
  7 adders
  An ufetubus (D:6)
  2 worms
  96 orcs
  7 endoplasms
  2 giant cockroaches
  14 hobgoblins
  4 jackals (D:5)
  3 quokkas
  3 ball pythons
  2 bats
  18 goblins
  21 kobolds
  7 rats
654 creatures vanquished.

Vanquished Creatures (others)
  A cyclops (D:13)
  A kobold (D:13)
2 creatures vanquished.

Grand Total: 656 creatures vanquished

Notes
Turn   | Place    | Note
-------+----------+-------------------------------------------
     0 | D:1      | qw the Gargoyle Fighter began the quest for the Orb.
     0 | D:1      | Reached XP level 1. HP: 14/14 MP: 1/1
     0 | D:1      | 0 ||| qw: Version: 0.3-a-24-ga2abf7b
     0 | D:1      | 0 ||| qw: Game counter: 6991
     0 | D:1      | 0 ||| qw: Melee chars always use a shield: true
     0 | D:1      | 0 ||| qw: God list: Okawaru
     0 | D:1      | 0 ||| qw: Allow faded altars: false
     0 | D:1      | 0 ||| qw: Do Orc after clearing Dungeon:15 true
     0 | D:1      | 0 ||| qw: Do second Lair branch before Depths: true
     0 | D:1      | 0 ||| qw: Lair rune preference: random
     0 | D:1      | 0 ||| qw: Goals: Normal, Zot:1-4, Slime:5, God:TSO, Crypt,
                  | Tomb, Abyss, Pan, Hells, Win
     0 | D:1      | 0 ||| PLANNING D:1-11
    50 | D:1      | Reached skill level 2 in Axes
   128 | D:1      | Reached XP level 2. HP: 19/19 MP: 2/2
   652 | D:1      | Reached skill level 3 in Axes
   727 | D:1      | 727 ||| READING scroll labelled SUHUT AHEESOE.
   728 | D:1      | 728 ||| READING scroll labelled YBOOXU IRGHI.
   729 | D:1      | 729 ||| READING scroll labelled DANNOFOHEU.
   730 | D:1      | 730 ||| READING scroll labelled BUCEQU CYKOO.
   731 | D:1      | 731 ||| READING scroll labelled DIFED HODEQYPS.
   732 | D:1      | 732 ||| READING scroll labelled HOIVUA ZOISTOL.
   733 | D:1      | 733 ||| READING scroll labelled VUJETOPOPS.
   746 | D:1      | 746 ||| READING scroll labelled OQEWIKHLETI.
   885 | D:2      | Reached XP level 3. HP: 21/23 MP: 3/3
   933 | D:2      | Found Gapas's Assorted Antiques.
   939 | D:2      | 939 ||| BUYING scroll labelled AFFYON SIELERCH (25 gold).
   939 | D:2      | Bought a scroll labelled AFFYON SIELERCH for 25 gold pieces
   939 | D:2      | 939 ||| SHOPLISTING scroll labelled AFFYON SIELERCH (25
                  | gold, have 24).
   939 | D:2      | 939 ||| SHOPLISTING scroll labelled VEORHE NUOWNO (25 gold,
                  | have 24).
   939 | D:2      | 939 ||| SHOPLISTING scroll of enchant armour (187 gold,
                  | have 24).
   975 | D:2      | Noticed Natasha
   976 | D:2      | 976 ||| Stepping ~*~*~tactically~*~*~ (hiding).
   977 | D:2      | 977 ||| Stepping ~*~*~tactically~*~*~ (hiding).
   982 | D:2      | Killed Natasha
   983 | D:2      | Reached XP level 4. HP: 21/28 MP: 4/4
  1005 | D:2      | You fall into a shaft and drop 1 floor!
  1006 | D:3      | 1006 ||| READING scroll labelled AFFYON SIELERCH.
  1062 | D:2      | 1062 ||| Stepping ~*~*~tactically~*~*~ (stealth).
  1078 | D:2      | Noticed Robin
  1079 | D:2      | 1079 ||| Stepping ~*~*~tactically~*~*~ (hiding).
  1080 | D:2      | 1080 ||| Stepping ~*~*~tactically~*~*~ (hiding).
  1083 | D:2      | 1083 ||| Stepping ~*~*~tactically~*~*~ (hiding).
  1084 | D:2      | 1084 ||| Stepping ~*~*~tactically~*~*~ (hiding).
  1087 | D:2      | Killed Robin
  1088 | D:2      | Reached skill level 4 in Axes
  1120 | D:2      | Noticed Natasha
  1122 | D:2      | Killed Natasha
  1164 | D:2      | 1164 ||| Stepping ~*~*~tactically~*~*~ (stealth).
  1197 | D:2      | 1197 ||| DROPPING +0 club.
  1300 | D:2      | Reached XP level 5. HP: 32/32 MP: 5/5
  1305 | D:2      | Noticed Natasha
  1311 | D:2      | Killed Natasha
  1465 | D:2      | 1465 ||| UPGRADING to +0 helmet of see invisible.
  1470 | D:2      | 1470 ||| UPGRADING to +0 plate armour.
  1480 | D:2      | 1480 ||| DROPPING +0 scale mail.
  1481 | D:2      | 1481 ||| UPGRADING to ring of willpower.
  1482 | D:2      | 1482 ||| READING scroll labelled VEORHE NUOWNO.
  1487 | D:2      | 1487 ||| DRINKING 2 red potions.
  1550 | D:3      | Found a faded altar of an unknown god.
  1638 | D:3      | Reached skill level 5 in Axes
  1644 | D:3      | 1644 ||| DROPPING +0 whip.
  1703 | D:3      | 1703 ||| Stepping ~*~*~tactically~*~*~ (stealth).
  1704 | D:3      | 1704 ||| Stepping ~*~*~tactically~*~*~ (stealth).
  1846 | D:3      | 1846 ||| Stepping ~*~*~tactically~*~*~ (hiding).
  1847 | D:3      | 1847 ||| Stepping ~*~*~tactically~*~*~ (hiding).
  1848 | D:3      | 1848 ||| Stepping ~*~*~tactically~*~*~ (hiding).
  1850 | D:3      | 1850 ||| Stepping ~*~*~tactically~*~*~ (hiding).
  2014 | D:3      | Noticed Terence
  2028 | D:3      | Killed Terence
  2029 | D:3      | Reached XP level 6. HP: 31/38 MP: 6/6
  2179 | D:3      | 2179 ||| DROPPING ring of magical power.
  2180 | D:3      | 2180 ||| READING scroll labelled BIUQOH EMMOM.
  2181 | D:3      | 2181 ||| DRINKING 2 dark potions.
  2184 | D:3      | 2184 ||| DROPPING potion of ambrosia.
  2473 | D:4      | 2473 ||| READING scroll of brand weapon.
  2473 | D:4      | 2473 ||| BRANDING +0 war axe of freezing.
  2474 | D:4      | 2474 ||| DROPPING +0 mace.
  2577 | D:4      | Found a hazy altar of Hepliaklqana.
  2643 | D:4      | 2643 ||| DROPPING +2 hat.
  2644 | D:4      | 2644 ||| DRINKING 2 fizzy pink potions.
  2645 | D:4      | 2645 ||| DRINKING 2 inky potions.
  2666 | D:5      | Entered Level 5 of the Dungeon
  2688 | D:5      | Noticed an orc warrior
  2689 | D:5      | 2689 ||| Stepping ~*~*~tactically~*~*~ (stealth).
  2693 | D:5      | 2693 ||| Stepping ~*~*~tactically~*~*~ (hiding).
  2702 | D:5      | 2702 ||| FLEEEEING.
  2712 | D:5      | 2712 ||| STAIRDANCE
  2731 | D:4      | 2731 ||| DRINKING 2 cyan potions.
  2836 | D:4      | 2836 ||| DROPPING potion of berserk rage.
  2847 | D:5      | 2847 ||| STAIRDANCE
  2851 | D:4      | Killed an orc warrior
  2852 | D:4      | Reached skill level 6 in Axes
  2923 | D:4      | 2923 ||| SWAPPING to +0 broad axe of electrocution.
  2927 | D:5      | Found a staircase to the Ecumenical Temple.
  2928 | D:5      | 2928 ||| PLANNING TEMPLE
  2975 | Temple   | Entered the Ecumenical Temple
  3102 | Temple   | 3102 ||| PLANNING OKAWARU WORSHIP
  3216 | Temple   | Became a worshipper of Warmaster Okawaru
  3217 | Temple   | 3217 ||| PLANNING D:1-11
  3251 | D:5      | Noticed an ice beast
  3257 | D:5      | Reached XP level 7. HP: 32/43 MP: 7/7
  3381 | D:5      | Noticed Pikel
  3388 | D:5      | Paralysed by Pikel for 4 turns
  3400 | D:5      | HP: 6/43 [Pikel/+2 whip of electrocution (6)]
  3401 | D:5      | 3401 ||| READING scroll of teleportation.
  3402 | D:5      | 3402 ||| DRINKING 4 potions of heal wounds.
  3403 | D:5      | Killed Pikel
  3403 | D:5      | Reached * piety under Okawaru
  3404 | D:5      | Reached skill level 8 in Axes
  3404 | D:5      | Reached XP level 8. HP: 41/48 MP: 8/8
  3508 | D:5      | 3508 ||| READING scroll of brand weapon.
  3508 | D:5      | 3508 ||| BRANDING +0 broad axe of electrocution.
  3689 | D:5      | 3689 ||| Stepping ~*~*~tactically~*~*~ (stealth).
  3692 | D:5      | 3692 ||| Stepping ~*~*~tactically~*~*~ (hiding).
  3693 | D:5      | 3693 ||| Stepping ~*~*~tactically~*~*~ (hiding).
  3890 | D:6      | 3890 ||| Stepping ~*~*~tactically~*~*~ (stealth).
  3891 | D:6      | 3891 ||| INVOKING Heroism.
  3901 | D:6      | Reached skill level 1 in Invocations
  3901 | D:6      | 3901 ||| INVOKING Heroism.
  3975 | D:6      | 3975 ||| INVOKING Heroism.
  4043 | D:6      | Reached skill level 1 in Dodging
  4043 | D:6      | Reached skill level 3 in Invocations
  4109 | D:6      | 4109 ||| INVOKING Heroism.
  4116 | D:6      | Reached skill level 1 in Throwing
  4148 | D:6      | 4148 ||| Stepping ~*~*~tactically~*~*~ (hiding).
  4150 | D:6      | 4150 ||| INVOKING Heroism.
  4167 | D:6      | Reached XP level 9. HP: 36/54 MP: 10/12
  4268 | D:6      | 4268 ||| Stepping ~*~*~tactically~*~*~ (stealth).
  4272 | D:6      | 4272 ||| Stepping ~*~*~tactically~*~*~ (hiding).
  4273 | D:6      | 4273 ||| Stepping ~*~*~tactically~*~*~ (hiding).
  4274 | D:6      | 4274 ||| Stepping ~*~*~tactically~*~*~ (hiding).
  4478 | D:6      | Found a shimmering altar of Xom.
  4596 | D:6      | 4596 ||| READING scroll labelled TECZUJUCHI.
  4597 | D:6      | 4597 ||| DRINKING 2 lumpy orange potions.
  4598 | D:6      | 4598 ||| DROPPING potion of brilliance.
  4624 | D:7      | 4624 ||| PLANNING OSSUARY
  4649 | D:7      | Reached skill level 6 in Fighting
  4766 | D:7      | Noticed Maggie
  4773 | D:7      | 4773 ||| INVOKING Heroism.
  4782 | D:7      | Killed Maggie
  4783 | D:7      | Reached skill level 9 in Axes
  4909 | D:7      | 4909 ||| INVOKING Heroism.
  5086 | D:7      | 5086 ||| Stepping ~*~*~tactically~*~*~ (hiding).
  5112 | D:7      | 5112 ||| Stepping ~*~*~tactically~*~*~ (stealth).
  5144 | D:7      | Identified the +5 broad axe of Understanding {speed, MP+9}
  5145 | D:7      | 5145 ||| INVOKING Heroism.
  5162 | D:7      | Reached ** piety under Okawaru
  5199 | D:7      | 5199 ||| DROPPING +4 war axe.
  5208 | D:7      | 5208 ||| Stepping ~*~*~tactically~*~*~ (hiding).
  5209 | D:7      | 5209 ||| Stepping ~*~*~tactically~*~*~ (hiding).
  5215 | D:7      | Reached skill level 6 in Armour
  5218 | D:7      | 5218 ||| INVOKING Heroism.
  5219 | D:7      | 5219 ||| RIP OSSUARY
  5220 | D:7      | 5220 ||| PLANNING D:1-11
  5220 | D:7      | Noticed a gargoyle
  5221 | D:7      | Reached XP level 10. HP: 54/63 MP: 10/13
  5227 | D:7      | Killed a gargoyle
  5231 | D:7      | Reached skill level 10 in Axes
  5248 | D:7      | 5248 ||| Stepping ~*~*~tactically~*~*~ (stealth).
  5254 | D:7      | 5254 ||| INVOKING Heroism.
  5298 | D:7      | 5298 ||| FLEEEEING.
  5299 | D:7      | 5299 ||| FLEEEEING.
  5300 | D:7      | 5300 ||| FLEEEEING.
  5301 | D:7      | 5301 ||| FLEEEEING.
  5302 | D:7      | 5302 ||| FLEEEEING.
  5303 | D:7      | 5303 ||| FLEEEEING.
  5422 | D:7      | 5422 ||| READING scroll labelled XAZ TUOQIGG.
  5477 | D:7      | Noticed a manticore
  5478 | D:7      | 5478 ||| INVOKING Heroism.
  5493 | D:7      | HP: 10/64 [manticore (7)]
  5494 | D:7      | 5494 ||| DRINKING 4 potions of heal wounds.
  5497 | D:7      | Killed a manticore
  5601 | D:7      | 5601 ||| Stepping ~*~*~tactically~*~*~ (stealth).
  5603 | D:7      | 5603 ||| Stepping ~*~*~tactically~*~*~ (hiding).
  5606 | D:7      | Found the ring of Shadows {Umbra +Inv Stlth+}
  5685 | D:7      | 5685 ||| UPGRADING to +2 buckler.
  5695 | D:7      | 5695 ||| DROPPING +0 buckler.
  5808 | D:8      | 5808 ||| Stepping ~*~*~tactically~*~*~ (stealth).
  5810 | D:8      | 5810 ||| Stepping ~*~*~tactically~*~*~ (stealth).
  5812 | D:8      | 5812 ||| INVOKING Heroism.
  5835 | D:8      | Reached *** piety under Okawaru
  5854 | D:8      | 5854 ||| Stepping ~*~*~tactically~*~*~ (stealth).
  5876 | D:8      | Found the +27 heavy crossbow "Sniper" {heavy, Acc+∞ SInv}
  6038 | D:8      | Found an opulent altar of Gozag.
  6041 | D:8      | Found a glowing silver altar of Zin.
  6046 | D:8      | Found a burning altar of Makhleb.
  6122 | D:8      | 6122 ||| Stepping ~*~*~tactically~*~*~ (stealth).
  6137 | D:8      | 6137 ||| Stepping ~*~*~tactically~*~*~ (hiding).
  6158 | D:8      | 6158 ||| INVOKING Heroism.
  6167 | D:8      | Reached skill level 11 in Axes
  6215 | D:8      | 6215 ||| INVOKING Heroism.
  6491 | D:8      | 6491 ||| UPGRADING to +4 ring of protection.
  6492 | D:8      | 6492 ||| READING scroll labelled ROIXET KOSCH.
  6662 | D:9      | Found a staircase to the Lair.
  6663 | D:9      | 6663 ||| INVOKING Heroism.
  6674 | D:9      | Reached skill level 9 in Fighting
  6674 | D:9      | Reached XP level 11. HP: 56/71 MP: 12/14
  6778 | D:9      | Noticed a two-headed ogre
  6779 | D:9      | 6779 ||| INVOKING Heroism.
  6793 | D:9      | Killed a two-headed ogre
  6793 | D:9      | Reached **** piety under Okawaru
  7277 | D:9      | 7277 ||| PLANNING LAIR
  7277 | D:9      | 7277 ||| READING 2 scrolls of identify.
  7277 | D:9      | 7277 ||| IDENTIFYING viscous white potion
  7278 | D:9      | 7278 ||| DROPPING potion of invisibility.
  7307 | Lair:1   | Entered Level 1 of the Lair of Beasts
  7326 | Lair:1   | 7326 ||| INVOKING Heroism.
  7391 | Lair:1   | 7391 ||| Stepping ~*~*~tactically~*~*~ (stealth).
  7472 | Lair:1   | 7472 ||| READING scroll of enchant armour.
  7472 | Lair:1   | 7472 ||| ENCHANTING +0 helmet of see invisible.
  7516 | Lair:1   | 7516 ||| INVOKING Heroism.
  7551 | Lair:1   | 7551 ||| INVOKING Heroism.
  7553 | Lair:1   | 7553 ||| Stepping ~*~*~tactically~*~*~ (stealth).
  7561 | Lair:1   | Reached skill level 12 in Axes
  7639 | Lair:1   | 7639 ||| INVOKING Heroism.
  7672 | Lair:1   | 7672 ||| INVOKING Heroism.
  7686 | Lair:1   | Reached skill level 6 in Invocations
  7725 | Lair:1   | 7725 ||| INVOKING Heroism.
  8198 | Lair:1   | 8198 ||| READING scroll labelled ETOEHYTY ECOTI.
  8199 | Lair:1   | 8199 ||| READING 2 scrolls of identify.
  8199 | Lair:1   | 8199 ||| IDENTIFYING lumpy puce potion
  8222 | Lair:2   | 8222 ||| INVOKING Heroism.
  8231 | Lair:2   | 8231 ||| STAIRDANCE
  8241 | Lair:1   | Reached skill level 6 in Shields
  8333 | Lair:2   | 8333 ||| INVOKING Heroism.
  8347 | Lair:2   | Reached ***** piety under Okawaru
  8348 | Lair:2   | Reached XP level 12. HP: 76/76 MP: 15/17
  8378 | Lair:2   | 8378 ||| INVOKING Heroism.
  8411 | Lair:2   | Noticed a skyshark
  8421 | Lair:2   | Killed a skyshark
  8524 | Lair:2   | Found a staircase to the Snake Pit.
  8535 | Lair:2   | 8535 ||| Stepping ~*~*~tactically~*~*~ (stealth).
  8546 | Lair:2   | 8546 ||| FLEEEEING.
  8547 | Lair:2   | 8547 ||| FLEEEEING.
  8548 | Lair:2   | 8548 ||| FLEEEEING.
  8549 | Lair:2   | 8549 ||| FLEEEEING.
  8550 | Lair:2   | 8550 ||| FLEEEEING.
  8551 | Lair:2   | 8551 ||| FLEEEEING.
  8552 | Lair:2   | 8552 ||| FLEEEEING.
  8553 | Lair:2   | 8553 ||| FLEEEEING.
  8554 | Lair:2   | 8554 ||| STAIRDANCE
  8616 | Lair:1   | 8616 ||| UPGRADING to amulet of regeneration.
  8621 | Lair:1   | 8621 ||| READING 2 scrolls of identify.
  8621 | Lair:1   | 8621 ||| IDENTIFYING lumpy purple potion
  8632 | Lair:2   | 8632 ||| STAIRDANCE
  8716 | Lair:2   | Reached skill level 9 in Invocations
  8727 | Lair:2   | Found a staircase to the Shoals.
  8817 | Lair:2   | Received a gift from Okawaru
  8846 | Lair:2   | 8846 ||| Stepping ~*~*~tactically~*~*~ (hiding).
  9163 | Lair:3   | Noticed an eight-headed hydra
  9164 | Lair:3   | 9164 ||| INVOKING Heroism.
  9165 | Lair:3   | 9165 ||| INVOKING Finesse.
  9174 | Lair:3   | 9174 ||| SWAPPING to +0 war axe of flaming.
  9175 | Lair:3   | Received a gift from Okawaru
  9183 | Lair:3   | Killed a three-headed hydra
  9184 | Lair:3   | 9184 ||| SWAPPING to +0 vampiric broad axe.
  9264 | Lair:3   | 9264 ||| Stepping ~*~*~tactically~*~*~ (stealth).
  9265 | Lair:3   | 9265 ||| Stepping ~*~*~tactically~*~*~ (stealth).
  9269 | Lair:3   | 9269 ||| Stepping ~*~*~tactically~*~*~ (stealth).
  9319 | Lair:3   | Noticed a death yak
  9320 | Lair:3   | 9320 ||| Stepping ~*~*~tactically~*~*~ (stealth).
  9322 | Lair:3   | 9322 ||| Stepping ~*~*~tactically~*~*~ (stealth).
  9324 | Lair:3   | 9324 ||| Stepping ~*~*~tactically~*~*~ (stealth).
  9326 | Lair:3   | 9326 ||| INVOKING Heroism.
  9338 | Lair:3   | Killed a death yak
  9339 | Lair:3   | Reached skill level 3 in Throwing
  9368 | Lair:3   | 9368 ||| Stepping ~*~*~tactically~*~*~ (cloud).
  9376 | Lair:3   | 9376 ||| INVOKING Heroism.
  9441 | Lair:3   | 9441 ||| Stepping ~*~*~tactically~*~*~ (stealth).
  9442 | Lair:3   | Noticed a death yak
  9443 | Lair:3   | 9443 ||| INVOKING Heroism.
  9444 | Lair:3   | 9444 ||| Stepping ~*~*~tactically~*~*~ (stealth).
  9445 | Lair:3   | 9445 ||| Stepping ~*~*~tactically~*~*~ (stealth).
  9452 | Lair:3   | Killed a death yak
  9453 | Lair:3   | Reached skill level 13 in Axes
  9456 | Lair:3   | Received a gift from Okawaru
  9510 | Lair:3   | Noticed a death yak
  9511 | Lair:3   | 9511 ||| INVOKING Heroism.
  9527 | Lair:3   | Killed a death yak
  9561 | Lair:3   | Found a dark tunnel.
  9763 | Lair:3   | 9763 ||| UPGRADING to +0 pair of gloves.
  9768 | Lair:3   | 9768 ||| READING 2 scrolls of identify.
  9768 | Lair:3   | 9768 ||| IDENTIFYING fuming white potion
  9769 | Lair:3   | 9769 ||| DROPPING potion of degeneration.
  9784 | Lair:3   | Reached XP level 13. HP: 81/82 MP: 20/20
 10145 | Lair:3   | 10145 ||| READING scroll labelled KOTHEX OBYE.
 10287 | Lair:4   | 10287 ||| Stepping ~*~*~tactically~*~*~ (stealth).
 10298 | Lair:4   | Reached skill level 9 in Armour
 10301 | Lair:4   | Identified the +0 scale mail of Ufiwoib {Int+5} (Okawaru
                  | gifted it to you on level 4 of the Lair of Beasts)
 10301 | Lair:4   | Received a gift from Okawaru
 10302 | Lair:4   | 10302 ||| INVOKING Heroism.
 10346 | Lair:4   | 10346 ||| READING scroll of enchant armour.
 10346 | Lair:4   | 10346 ||| ENCHANTING +0 pair of gloves.
 10388 | Lair:4   | Found a frozen archway.
 10448 | Lair:4   | 10448 ||| READING scroll of enchant armour.
 10448 | Lair:4   | 10448 ||| ENCHANTING +1 pair of gloves.
 10469 | Lair:4   | 10469 ||| Stepping ~*~*~tactically~*~*~ (stealth).
 10471 | Lair:4   | 10471 ||| INVOKING Heroism.
 10680 | Lair:4   | 10680 ||| INVOKING Heroism.
 10717 | Lair:4   | 10717 ||| INVOKING Heroism.
 10756 | Lair:4   | Found a viscous altar of Jiyva.
 10757 | Lair:4   | Found a staircase to the Slime Pits.
 10786 | Lair:4   | Reached skill level 14 in Axes
 11093 | Lair:4   | 11093 ||| DROPPING scarf of harm.
 11094 | Lair:4   | 11094 ||| UPGRADING to ring of protection from cold.
 11096 | Lair:4   | 11096 ||| READING scroll labelled FESTRO LAYNK.
 11097 | Lair:4   | 11097 ||| READING 3 scrolls of identify.
 11097 | Lair:4   | 11097 ||| IDENTIFYING murky blue potion
 11098 | Lair:4   | 11098 ||| READING 2 scrolls of identify.
 11098 | Lair:4   | 11098 ||| IDENTIFYING golden potion
 11104 | Lair:5   | Entered Level 5 of the Lair of Beasts
 11191 | Lair:5   | 11191 ||| INVOKING Heroism.
 11254 | Lair:5   | 11254 ||| Stepping ~*~*~tactically~*~*~ (hiding).
 11256 | Lair:5   | 11256 ||| INVOKING Heroism.
 11289 | Lair:5   | 11289 ||| INVOKING Heroism.
 11318 | Lair:5   | 11318 ||| INVOKING Heroism.
 11327 | Lair:5   | 11327 ||| Stepping ~*~*~tactically~*~*~ (stealth).
 11401 | Lair:5   | 11401 ||| INVOKING Heroism.
 11450 | Lair:5   | 11450 ||| Stepping ~*~*~tactically~*~*~ (stealth).
 11452 | Lair:5   | 11452 ||| Stepping ~*~*~tactically~*~*~ (hiding).
 11453 | Lair:5   | 11453 ||| INVOKING Heroism.
 11845 | Lair:5   | 11845 ||| INVOKING Heroism.
 11911 | Lair:5   | 11911 ||| INVOKING Heroism.
 11923 | Lair:5   | Gained mutation: Your large and strong wings let you fly.
                  | [Gargoyle growth]
 11923 | Lair:5   | Reached XP level 14. HP: 90/90 MP: 19/21
 12059 | Lair:5   | 12059 ||| PLANNING D:1-11
 12175 | D:10     | Entered Level 10 of the Dungeon
 12180 | D:10     | Found a sacrificial altar of Ru.
 12184 | D:10     | 12184 ||| Stepping ~*~*~tactically~*~*~ (stealth).
 12185 | D:10     | 12185 ||| Stepping ~*~*~tactically~*~*~ (stealth).
 12213 | D:10     | 12213 ||| Stepping ~*~*~tactically~*~*~ (hiding).
 12408 | D:10     | 12408 ||| DRINKING potion of curing.
 12408 | D:10     | 12408 ||| (to cure confusion)
 12485 | D:10     | Found a blossoming altar of Fedhas.
 12532 | D:10     | Reached skill level 15 in Axes
 12912 | D:10     | Found the ring of the Tortoise {AC+8}
 12934 | D:10     | Found a radiant altar of Vehumet.
 12934 | D:10     | Found a stormy altar of Qazlal.
 13060 | D:10     | 13060 ||| DROPPING ring of ice.
 13061 | D:10     | 13061 ||| UPGRADING to ring of the Tortoise {AC+8}.
 13063 | D:10     | 13063 ||| DROPPING ring of willpower.
 13064 | D:10     | 13064 ||| READING 2 scrolls of identify.
 13064 | D:10     | 13064 ||| IDENTIFYING murky red potion
 13096 | D:11     | Received a gift from Okawaru
 13272 | D:11     | 13272 ||| Stepping ~*~*~tactically~*~*~ (hiding).
 13282 | D:11     | Reached skill level 12 in Fighting
 13341 | D:11     | 13341 ||| Stepping ~*~*~tactically~*~*~ (stealth).
 13389 | D:11     | Received a gift from Okawaru
 13401 | D:11     | 13401 ||| Stepping ~*~*~tactically~*~*~ (hiding).
 13428 | D:11     | 13428 ||| Stepping ~*~*~tactically~*~*~ (hiding).
 13429 | D:11     | 13429 ||| Stepping ~*~*~tactically~*~*~ (hiding).
 13430 | D:11     | 13430 ||| Stepping ~*~*~tactically~*~*~ (hiding).
 13431 | D:11     | 13431 ||| Stepping ~*~*~tactically~*~*~ (hiding).
 13473 | D:11     | 13473 ||| Stepping ~*~*~tactically~*~*~ (stealth).
 13478 | D:11     | Found a staircase to the Orcish Mines.
 13485 | D:11     | 13485 ||| Stepping ~*~*~tactically~*~*~ (stealth).
 13487 | D:11     | 13487 ||| Stepping ~*~*~tactically~*~*~ (hiding).
 13948 | D:11     | 13948 ||| PLANNING D
 13948 | D:11     | 13948 ||| UPGRADING to amulet of reflection.
 13958 | D:11     | 13958 ||| DROPPING amulet of regeneration.
 14130 | D:12     | 14130 ||| Stepping ~*~*~tactically~*~*~ (hiding).
 14132 | D:12     | 14132 ||| Stepping ~*~*~tactically~*~*~ (hiding).
 14278 | D:12     | 14278 ||| INVOKING Heroism.
 14295 | D:12     | 14295 ||| INVOKING Finesse.
 14399 | D:12     | 14399 ||| Stepping ~*~*~tactically~*~*~ (stealth).
 14508 | D:12     | Identified the +1 robe of the Other World {rF+ rCorr}
 14544 | D:12     | 14544 ||| Stepping ~*~*~tactically~*~*~ (hiding).
 14561 | D:12     | 14561 ||| INVOKING Heroism.
 14585 | D:12     | 14585 ||| Stepping ~*~*~tactically~*~*~ (hiding).
 14626 | D:12     | 14626 ||| Stepping ~*~*~tactically~*~*~ (stealth).
 14630 | D:12     | 14630 ||| INVOKING Heroism.
 14707 | D:12     | 14707 ||| Stepping ~*~*~tactically~*~*~ (stealth).
 14872 | D:12     | 14872 ||| READING 2 scrolls of identify.
 14872 | D:12     | 14872 ||| IDENTIFYING bubbling coppery potion
 14894 | D:13     | Noticed Nessos
 14894 | D:13     | Noticed Rupert
 14894 | D:13     | Found a gate to the Vaults.
 14895 | D:13     | 14895 ||| INVOKING Heroism.
 14904 | D:13     | Paralysed by Rupert for 4 turns
 14911 | D:13     | Reached skill level 16 in Axes
 14918 | D:13     | 14918 ||| INVOKING Finesse.
 14932 | D:13     | Killed Nessos
 14938 | D:13     | Killed Rupert
 15022 | D:13     | 15022 ||| Stepping ~*~*~tactically~*~*~ (stealth).
 15025 | D:13     | 15025 ||| Stepping ~*~*~tactically~*~*~ (hiding).
 15027 | D:13     | 15027 ||| Stepping ~*~*~tactically~*~*~ (hiding).
 15162 | D:13     | 15162 ||| Stepping ~*~*~tactically~*~*~ (stealth).
 15163 | D:13     | 15163 ||| Stepping ~*~*~tactically~*~*~ (stealth).
 15164 | D:13     | 15164 ||| Stepping ~*~*~tactically~*~*~ (stealth).
 15168 | D:13     | 15168 ||| Stepping ~*~*~tactically~*~*~ (stealth).
 15197 | D:13     | Received a gift from Okawaru
 15212 | D:13     | 15212 ||| READING scroll of enchant armour.
 15212 | D:13     | 15212 ||| ENCHANTING +1 helmet of see invisible.
 15263 | D:13     | 15263 ||| Stepping ~*~*~tactically~*~*~ (hiding).
 15264 | D:13     | 15264 ||| Stepping ~*~*~tactically~*~*~ (hiding).
 15274 | D:13     | Reached skill level 3 in Dodging
 15463 | D:14     | 15463 ||| INVOKING Heroism.
 15464 | D:14     | 15464 ||| INVOKING Finesse.
 15468 | D:14     | 15468 ||| SWAPPING to +0 war axe of flaming.
 15471 | D:14     | 15471 ||| SWAPPING to +0 vampiric broad axe.
 15521 | D:14     | 15521 ||| Stepping ~*~*~tactically~*~*~ (hiding).
 15597 | D:14     | 15597 ||| INVOKING Heroism.
 15598 | D:14     | 15598 ||| INVOKING Finesse.
 15667 | D:14     | 15667 ||| INVOKING Heroism.
 15675 | D:14     | Reached XP level 15. HP: 77/96 MP: 20/22
 15799 | D:14     | 15799 ||| Stepping ~*~*~tactically~*~*~ (hiding).
 15859 | D:14     | 15859 ||| INVOKING Heroism.
 15915 | D:14     | 15915 ||| Stepping ~*~*~tactically~*~*~ (stealth).
 15947 | D:14     | 15947 ||| Stepping ~*~*~tactically~*~*~ (stealth).
 15950 | D:14     | 15950 ||| Stepping ~*~*~tactically~*~*~ (stealth).
 15951 | D:14     | 15951 ||| Stepping ~*~*~tactically~*~*~ (hiding).
 15994 | D:14     | 15994 ||| Stepping ~*~*~tactically~*~*~ (hiding).
 16117 | D:14     | Received a gift from Okawaru
 16264 | D:14     | 16264 ||| Stepping ~*~*~tactically~*~*~ (hiding).
 16389 | D:14     | 16389 ||| Stepping ~*~*~tactically~*~*~ (hiding).
 16390 | D:14     | 16390 ||| Stepping ~*~*~tactically~*~*~ (hiding).
 16800 | D:14     | 16800 ||| INVOKING Heroism.
 16803 | D:14     | Noticed a fire giant
 16804 | D:14     | 16804 ||| INVOKING Finesse.
 16814 | D:14     | Reached skill level 17 in Axes
 16827 | D:14     | Killed a fire giant
 16898 | D:15     | Entered Level 15 of the Dungeon
 16951 | D:15     | 16951 ||| Stepping ~*~*~tactically~*~*~ (hiding).
 16952 | D:15     | 16952 ||| Stepping ~*~*~tactically~*~*~ (hiding).
 17134 | D:15     | 17134 ||| INVOKING Heroism.
 17135 | D:15     | 17135 ||| SWAPPING to +0 war axe of flaming.
 17140 | D:15     | 17140 ||| SWAPPING to +0 vampiric broad axe.
 17175 | D:15     | 17175 ||| Stepping ~*~*~tactically~*~*~ (hiding).
 17204 | D:15     | 17204 ||| INVOKING Heroism.
 17271 | D:15     | 17271 ||| INVOKING Heroism.
 17333 | D:15     | 17333 ||| Stepping ~*~*~tactically~*~*~ (stealth).
 17389 | D:15     | Found a staircase to the Depths.
 17449 | D:15     | 17449 ||| FLEEEEING.
 17450 | D:15     | 17450 ||| FLEEEEING.
 17451 | D:15     | 17451 ||| FLEEEEING.
 17452 | D:15     | 17452 ||| FLEEEEING.
 17460 | D:15     | 17460 ||| FLEEEEING.
 17464 | D:15     | 17464 ||| FLEEEEING.
 17465 | D:15     | 17465 ||| FLEEEEING.
 17466 | D:15     | 17466 ||| FLEEEEING.
 17467 | D:15     | 17467 ||| FLEEEEING.
 17471 | D:15     | 17471 ||| FLEEEEING.
 17472 | D:15     | 17472 ||| FLEEEEING.
 17473 | D:15     | 17473 ||| FLEEEEING.
 17474 | D:15     | 17474 ||| FLEEEEING.
 17478 | D:15     | 17478 ||| FLEEEEING.
 17479 | D:15     | 17479 ||| FLEEEEING.
 17480 | D:15     | 17480 ||| FLEEEEING.
 17484 | D:15     | 17484 ||| INVOKING Heroism.
 17486 | D:15     | 17486 ||| SWAPPING to +0 war axe of flaming.
 17491 | D:15     | 17491 ||| SWAPPING to +0 vampiric broad axe.
 17613 | D:15     | Found Enorog's Magic Scroll Shop.
 17616 | D:15     | 17616 ||| BUYING scroll of identify (20 gold).
 17616 | D:15     | Bought a scroll of identify for 20 gold pieces
 17616 | D:15     | 17616 ||| BUYING scroll of identify (20 gold).
 17616 | D:15     | Bought a scroll of identify for 20 gold pieces
 17616 | D:15     | 17616 ||| BUYING scroll of identify (20 gold).
 17616 | D:15     | Bought a scroll of identify for 20 gold pieces
 17616 | D:15     | 17616 ||| BUYING scroll of teleportation (30 gold).
 17616 | D:15     | Bought a scroll of teleportation for 30 gold pieces
 17665 | D:15     | 17665 ||| Stepping ~*~*~tactically~*~*~ (stealth).
 17675 | D:15     | 17675 ||| INVOKING Heroism.
 17678 | D:15     | Reached skill level 12 in Armour
 17711 | D:15     | 17711 ||| Stepping ~*~*~tactically~*~*~ (stealth).
 17713 | D:15     | 17713 ||| Stepping ~*~*~tactically~*~*~ (stealth).
 18001 | D:15     | 18001 ||| PLANNING ORC
 18001 | D:15     | 18001 ||| DRINKING 2 grey potions.
 18122 | Orc:1    | Entered Level 1 of the Orcish Mines
 18333 | Orc:2    | Entered Level 2 of the Orcish Mines
 18334 | Orc:2    | Found Wyumied's Antique Armour Boutique.
 18336 | Orc:2    | 18336 ||| INVOKING Heroism.
 18362 | Orc:2    | 18362 ||| INVOKING Heroism.
 18363 | Orc:2    | 18363 ||| INVOKING Finesse.
 18364 | Orc:2    | Found Tyusitah's General Store.
 18379 | Orc:2    | Reached skill level 6 in Throwing
 18429 | Orc:2    | 18429 ||| Stepping ~*~*~tactically~*~*~ (hiding).
 18440 | Orc:2    | 18440 ||| Stepping ~*~*~tactically~*~*~ (stealth).
 18441 | Orc:2    | 18441 ||| Stepping ~*~*~tactically~*~*~ (stealth).
 18471 | Orc:2    | 18471 ||| BUYING potion of lignification (54 gold).
 18471 | Orc:2    | Bought a potion of lignification for 54 gold pieces
 18550 | Orc:1    | 18550 ||| Stepping ~*~*~tactically~*~*~ (hiding).
 18567 | Orc:1    | Reached XP level 16. HP: 104/104 MP: 23/23
 18690 | Orc:2    | 18690 ||| INVOKING Heroism.
 18690 | Orc:2    | Noticed Saint Roka
 18691 | Orc:2    | Found Adunyadd's Antique Weapon Boutique.
 18706 | Orc:2    | Received a gift from Okawaru
 18707 | Orc:2    | 18707 ||| INVOKING Finesse.
 18729 | Orc:2    | Noticed Maurice
 18744 | Orc:2    | HP: 26/104 [Saint Roka/divine providence (10)]
 18745 | Orc:2    | 18745 ||| READING 4 scrolls of teleportation.
 18746 | Orc:2    | 18746 ||| DRINKING 8 potions of heal wounds.
 18752 | Orc:2    | Killed Saint Roka
 18753 | Orc:2    | Reached skill level 18 in Axes
 18781 | Orc:2    | 18781 ||| INVOKING Heroism.
 18781 | Orc:2    | Paralysed by Maurice for 5 turns
 18784 | Orc:2    | HP: 22/104 [ettin/+0 dire flail (22)]
 18785 | Orc:2    | HP: 7/104 [orc knight/+0 halberd (15)]
 18785 | Orc:2    | Slain by an ettin

Levels and vault maps discovered:
D:1:      dpeg_arrival_tiny_f, layout_loops_ring
D:2:      cheibrodos_helix_gallery, layout_basic, serial_shops,
          nicolae_shop_hallway_stairs, uniq_robin, uniq_natasha
D:3:      layout_rooms, shapermc_ecumenical_altar_acropolis, uniq_terence
D:4:      layout_rooms, general_overflow_altar
D:5:      layout_cave_pools, minmay_temple_entry_statues_fountains, uniq_pikel
D:6:      layout_cave_pools, xom_teletrap_fun
D:7:      minmay_the_grid_four_pointed_star
          [minmay_the_grid_triangle_9x9_thin_v,
          minmay_the_grid_triangle_9x9_dagger,
          minmay_the_grid_triangle_9x9_alien,
          minmay_the_grid_triangle_9x9_checkered,
          minmay_the_grid_prize_trominoes], layout_rooms,
          nicolae_ossuary_entry_monument, minmay_strange_pillars, uniq_maggie
D:8:      layout_loops_ring, grunt_temple_overflow_diamond
D:9:      layout_loops_ring, lair_entry_dummy
D:10:     layout_long_grid, gammafunk_temple_overflow_statue,
          lemuel_doored_altar, nicolae_overflow_crystal_walls
D:11:     layout_irregular_city, hiddenorc2_lemuel, kennysheep_generic_room_4
D:12:     nicolae_cairo_tiling_very_big, layout_long_grid
D:13:     layout_rooms, david_vaults_3
D:14:     minmay_diamond_stairs, layout_stronghold, hangedman_decor_growths
D:15:     gammafunk_depths_entry_grave, layout_loops_ring, serial_shops,
          nicolae_shop_behind_doors, chequers_serial_rivers_micro_d
Temple:   oiseaux_autumnal_temple
Lair:1:   layout_concentric_octagons, beast_lair_carwin_4
Lair:2:   layout_gridlike, elwin_shoals_entry_rocks,
          minmay_snake_entry_guardpost_small, grunt_megastairs_1
Lair:3:   nzn_winding_woodlands_medium [nzn_winding_woodlands_5x5_three,
          nzn_winding_woodlands_5x15_concentric,
          nzn_winding_woodlands_5x5_checkerboard,
          nzn_winding_woodlands_5x5_default,
          nzn_winding_woodlands_center_triple_pond,
          nzn_winding_woodlands_5x5_perimeter, nzn_winding_woodlands_hourglass,
          nzn_winding_woodlands_5x15_cabin,
          nzn_winding_woodlands_5x5_closed_star], layout_gridlike,
          enter_volcano_2, serial_bayou_shore_b
Lair:4:   layout_long_grid, dpeg_slime_entry_enclosed,
          portal_ice_cave_entry_ice_simulacra
Lair:5:   evilmike_catoblepas_cave, layout_hall_layers, wad_woods_road_02
Orc:1:    layout_caves, david_defended_altar_orc
Orc:2:    grunt_orc_gardens, layout_caves, grunt_orc_garden, grunt_orc_garden,
          grunt_orc_garden, grunt_orc_garden, serial_shops,
          nicolae_shop_rolled_up, uniq_saint_roka, uniq_jorgrun, uniq_maurice

Skill      XL: |  1  2  3  4  5  6  7  8  9 10 11 12 13 14 15 16 |
---------------+-------------------------------------------------+-----
Axes           | 2 3 4 5 6 8 9 11 12 13 14 16 17 18 | 18.1
Fighting       | 4 5 7 9 10 11 12 13 | 13.0
Armour         | 4 6 7 8 10 11 12 | 12.0
Invocations    | 4 7 10 | 10.0
Dodging        | 1 2 3 |  3.2
Throwing       | 1 4 5 6 |  6.0
Shields        | 4 5 6 7 8 |  8.2

Action                     |  1- 3 |  4- 6 |  7- 9 | 10-12 | 13-15 | 16-18 || total
---------------------------+-------+-------+-------+-------+-------+-------++-------
  Melee: War axe           |    60 |   134 |       |     9 |     8 |       ||   211
         Broad axe         |       |    19 |   262 |   597 |  1177 |    70 ||  2125
  Throw: Boomerang         |       |    14 |    58 |    61 |    67 |     3 ||   203
         Javelin           |       |       |       |    15 |   100 |     2 ||   117
 Invoke: Heroism           |       |       |     9 |    21 |    28 |     2 ||    60
         Finesse           |       |       |       |     1 |     6 |     1 ||     8
    Use: Scroll            |     8 |     4 |     3 |     8 |     9 |     1 ||    33
         Potion            |       |     5 |     2 |     1 |     2 |     1 ||    11
 Armour: Scale mail        |    23 |    14 |       |       |       |       ||    37
         Plate armour      |       |    59 |   215 |   386 |   821 |    47 ||  1528
  Dodge: Dodged            |    22 |    45 |   101 |   209 |   350 |    23 ||   750
  Block: Buckler           |     6 |    29 |    57 |   212 |   604 |    35 ||   943
         Reflection        |       |       |       |       |    22 |     1 ||    23

Table legend:
 A = Non-vault XP
 B = Vault XP
 C = Vault XP percentage of total XP
 D = Non-vault monster count
 E = Vault monster count
 F = Vault count percentage of total count
                 A         B        C        D         E       F
            +---------+---------+-------+---------+---------+-------
      Total |   83245 |   52780 |  38.8 |     468 |     183 |  28.1
            +---------+---------+-------+---------+---------+-------
        D:1 |      30 |       0 |   0.0 |      18 |       0 |   0.0
        D:2 |     107 |      72 |  40.2 |      16 |      14 |  46.7
        D:3 |      94 |      36 |  27.7 |      22 |       1 |   4.3
        D:4 |     149 |       0 |   0.0 |       9 |       0 |   0.0
        D:5 |     527 |     629 |  54.4 |      25 |       1 |   3.8
        D:6 |     917 |       0 |   0.0 |      32 |       0 |   0.0
        D:7 |     919 |    3200 |  77.7 |      13 |      22 |  62.9
        D:8 |    1584 |       0 |   0.0 |      30 |       0 |   0.0
        D:9 |    2680 |       0 |   0.0 |      25 |       0 |   0.0
       D:10 |    4526 |       0 |   0.0 |      27 |       0 |   0.0
       D:11 |    2498 |     519 |  17.2 |      19 |      33 |  63.5
       D:12 |    8846 |       0 |   0.0 |      33 |       0 |   0.0
       D:13 |    5408 |    7083 |  56.7 |      13 |      20 |  60.6
       D:14 |   11921 |    4279 |  26.4 |      27 |       6 |  18.2
       D:15 |   16238 |    4750 |  22.6 |      27 |       8 |  22.9
     Lair:1 |    5466 |     898 |  14.1 |      25 |       4 |  13.8
     Lair:2 |    5172 |    1394 |  21.2 |      19 |       6 |  24.0
     Lair:3 |    2378 |    6338 |  72.7 |      10 |      17 |  63.0
     Lair:4 |    6120 |     144 |   2.3 |      21 |       3 |  12.5
     Lair:5 |    3534 |   12695 |  78.2 |      14 |      26 |  65.0
      Orc:1 |     932 |     125 |  11.8 |      13 |       3 |  18.8
      Orc:2 |    3199 |   10618 |  76.8 |      30 |      19 |  38.8
            +---------+---------+-------+---------+---------+-------
